 Dungeon Crawl Stone Soup version 0.26-a0-812-g31a745ddcd (webtiles) character file.

Game seed: 10681979907992545128

21690 kae the Grappler (level 12, -5/138 HPs)
             Began as a Troll Transmuter on Nov 16, 2020.
             Was a Follower of Ru.
             Slain by an eight-headed hydra (13 damage)
             ... on level 2 of the Lair of Beasts.
             The game lasted 00:12:05 (12877 turns).

kae the Grappler (Troll Transmuter)                Turns: 12877, Time: 00:12:05

Health: -5/138     AC:  5    Str: 30    XL:     12   Next: 56%
Magic:  8/15       EV: 12    Int:  9    God:    Ru [*.....]
Gold:   405        SH:  0    Dex: 11    Spells: 4/17 levels left

rFire    x . .     SeeInvis .     - Unarmed
rCold    + + +     Faith    .   (shield currently unavailable)
rNeg     . . .     Spirit   .   (armour currently unavailable)
rPois    +         Reflect  .   (helmet currently unavailable)
rElec    .         Harm     .   (cloak currently unavailable)
rCorr    .         Rampage  .   (gloves unavailable)
MR       +....                  (boots unavailable)
Stlth    +.........             y - amulet of regeneration
HPRegen  1.13/turn              c - ring of protection from magic
MPRegen  0.14/turn              I - +6 ring of strength

@: ice-form, very slightly contaminated
A: large, unfitting armour, regeneration 1, hated by all
a: End Transformation, Renounce Religion


You were on level 2 of the Lair of Beasts.
You worshipped Ru.
Ru was aware of your devotion.
You were a creature of crystalline ice.
You visited 3 branches of the dungeon, and saw 15 of its levels.

You collected 717 gold pieces.
You spent 312 gold pieces at shops.

Inventory:

Armour
 a - a +1 robe
 e - a +0 hat (melded)
 r - a +0 cloak
 t - a scarf of shadows
 u - a +2 cloak (melded)
 D - the +1 robe "Hed Otec" (melded) {*Contam Dex+4 Slay+5}
   (You found it on level 9 of the Dungeon)

   It affects your dexterity (+4).
   It affects your accuracy and damage with ranged weapons and melee attacks
   (+5).
   It causes magical contamination when unequipped.
Jewellery
 c - a ring of protection from magic (left front paw)
 k - an uncursed ring of stealth
 o - an uncursed amulet of the acrobat
 s - an uncursed ring of magical power
 y - an amulet of regeneration (around neck)
 G - an uncursed ring of stealth
 I - a +6 ring of strength (right front paw)
 J - a +4 ring of protection {unknown}
Wands
 b - a wand of random effects (22)
 g - a wand of acid (10)
 p - a wand of flame (48)
 K - a wand of iceblast (15)
Scrolls
 d - 6 scrolls of remove curse
 f - 2 scrolls of teleportation
 h - 3 scrolls of magic mapping
 i - 6 scrolls of amnesia
 m - a scroll of enchant armour
 H - 3 scrolls of identify
Potions
 j - a potion of brilliance
 l - 2 potions of resistance
 n - 2 potions of might
 q - a potion of magic
 v - a potion of attraction
 w - a potion of flight
 x - 3 potions of ambrosia
 z - 2 potions of heal wounds
 A - 5 potions of curing
 B - 2 potions of haste
 C - a potion of invisibility
 E - a potion of lignification
 F - a potion of cancellation {unknown}


   Skills:
 * Level 6.5 Fighting
 + Level 6.2 Dodging
 - Level 11.1 Unarmed Combat
 - Level 3.0 Spellcasting
 - Level 11.0 Transmutations
 - Level 2.0 Ice Magic


You had 4 spell levels left.
You knew the following spells:

 Your Spells              Type           Power        Failure   Level
a - Beastly Appendage     Tmut           ###...       1%          1
b - Spider Form           Tmut/Pois      ##........   10%         3
c - Blade Hands           Tmut           ###.......   9%          5
d - Ice Form              Ice/Tmut       ##......     21%         4

Your spell library contained the following spells:

 Spells                   Type           Power        Failure   Level
 Wereblood                Tmut           ###.....     1%          2


Dungeon Overview and Level Annotations

Branches:
Dungeon (12/15)            Temple (1/1) D:7            Lair (2/6) D:11
  Swamp (0/4) Lair:2          Orc (0/2) D:11
 Shoals: Lair:2-4     Snake: Lair:2-4    Spider: Lair:2-4

Altars:
Ashenzari
Cheibriados
Dithmenos
Elyvilon
Fedhas
Gozag
Hepliaklqana
Kikubaaqudgha
Makhleb
Nemelex Xobeh
Okawaru
Qazlal
Ru
Sif Muna
Trog
Uskayaw
Vehumet
Wu Jian
Xom
Yredelemnul
Zin
The Shining One

Shops:
D:7 [   D:10 !

Annotations:
D:7 3 runed translucent doors, bmj180's ghost, novice MiFi; p0werm0de's ghost, novice GrFi
Lair:2 exclusion: 2 oklob plants


Innate Abilities, Weirdness & Mutations

You are too large for most types of armour.
((You have claws for hands.))
Your natural rate of healing is unusually fast.
((You are covered in fur. (AC +1)))
((You have extremely tough skin. (AC +3)))
You are hated by all.


Message History

The eight-headed hydra is heavily wounded.
The eight-headed hydra barely misses you.
The eight-headed hydra bites you! The eight-headed hydra bites you.
The eight-headed hydra bites you! The eight-headed hydra bites you. x3
The eight-headed hydra bites you!
You pummel the eight-headed hydra!!
The eight-headed hydra seems to slow down.
You freeze the eight-headed hydra.
The eight-headed hydra is almost dead.
You hit the eight-headed hydra. You freeze the eight-headed hydra.
The eight-headed hydra is almost dead.
The eight-headed hydra closely misses you.
The eight-headed hydra bites you!
* * * LOW HITPOINT WARNING * * *
The eight-headed hydra bites you!
* * * LOW HITPOINT WARNING * * *
The eight-headed hydra bites you!
* * * LOW HITPOINT WARNING * * *
The eight-headed hydra bites you!
You die...

..##.............###..#..#.......
.....#...........##..#..###......
...........#.....###.#.####....##
...###..........>......# #.....##
.P#..#.....P#....#..#..# ##......
.##....................###......#
.P..##.#.....##.}............#...
... ##.###.....D..........###...
.. ####P.....Y##.##...†.###... .
.......#.#####..#........
............# ##.........#
......####...###..........P
.....## ###.P##........#.. .
#..............# #......#P.#....#
##.....##.###### #..#...#...##.##


You could see an eight-headed hydra (slow).

Vanquished Creatures
  Gastronok (Lair:2)
  2 boulder beetles
  3 two-headed ogres
  Nergalle (Lair:2)
  2 cyclopes (D:11)
  4 cane toads
  A kobold demonologist (D:11)
  2 komodo dragons
  2 polar bears (D:11)
  A troll (D:11)
  Prince Ribbit (D:6)
  16 blink frogs
  Sigmund (D:3)
  A wraith (D:11)
  10 yaks (Lair:1)
  2 humans (D:8)
  A steam dragon (D:10)
  Grum (D:8)
  3 wyverns
  Menkaure (D:7)
  3 water moccasins
  3 insubstantial wisps (Lair:2)
  2 orc warriors
  7 black bears
  3 ice beasts
  3 phantoms
  2 sky beasts
  7 ogres
  3 necrophages
  21 wolves
  3 centaurs
  11 bullfrogs
  5 scorpions
  3 killer bees (D:10)
  2 centaur zombies
  A bullfrog zombie (D:5)
  5 jellies
  An orc priest (D:6)
  A hound (D:5)
  2 gnoll shamans
  2 orc wizards
  Crazy Yiuf (D:4)
  4 iguanas
  5 worker ants
  A bullfrog simulacrum (D:11)
  A hound zombie (D:6)
  A hound skeleton (D:9)
  2 worker ant zombies
  Robin (D:2)
  3 gnolls (D:5)
  A howler monkey skeleton (D:8)
  13 adders
  3 shadow imps
  3 white imps
  An ufetubus (D:11)
  2 adder skeletons (D:7)
  3 adder zombies
  4 worms
  2 dart slugs
  8 leopard geckos
  22 orcs
  2 ball pythons (D:2)
  2 bats
  4 giant cockroaches
  20 goblins
  10 hobgoblins
  14 jackals
  8 kobolds
  6 quokkas
  7 frilled lizards
  A jackal skeleton (D:4)
  A jackal zombie (D:7)
  A leopard gecko skeleton (D:6)
  A leopard gecko zombie (D:5)
  2 quokka skeletons
  9 rats
  A bush (Temple)
316 creatures vanquished.

Vanquished Creatures (others)
  34 fungi
  47 plants
81 creatures vanquished.

Grand Total: 397 creatures vanquished

Notes
Turn   | Place    | Note
-------+----------+-------------------------------------------
     0 | D:1      | kae the Troll Transmuter began the quest for the Orb.
     0 | D:1      | Reached XP level 1. HP: 18/18 MP: 1/1
   199 | D:1      | Reached XP level 2. HP: 26/26 MP: 0/2
   245 | D:1      | Found a sparkling altar of Nemelex Xobeh.
   595 | D:1      | You fall into a shaft and drop 1 floor!
   636 | D:2      | Noticed Robin
   650 | D:1      | Reached XP level 3. HP: 13/32 MP: 3/3
   723 | D:2      | Killed Robin
   826 | D:2      | Reached XP level 4. HP: 40/40 MP: 2/4
  1487 | D:3      | Noticed Sigmund
  1499 | D:3      | Killed Sigmund
  1499 | D:3      | Reached skill level 1 in Fighting
  1499 | D:3      | Reached XP level 5. HP: 41/48 MP: 5/5
  1504 | D:3      | Noticed an ogre
  1513 | D:3      | Killed an ogre
  1513 | D:3      | Reached XP level 6. HP: 39/57 MP: 4/6
  2949 | D:4      | Reached XP level 7. HP: 55/65 MP: 5/7
  2988 | D:4      | Found a runed translucent door.
  2989 | D:4      | Noticed Crazy Yiuf
  3421 | D:4      | Learned a level 3 spell: Spider Form
  3457 | D:4      | Killed Crazy Yiuf
  3559 | D:5      | Entered Level 5 of the Dungeon
  3786 | D:5      | Reached skill level 5 in Unarmed Combat
  4179 | D:5      | Reached skill level 5 in Transmutations
  4187 | D:5      | Reached XP level 8. HP: 72/72 MP: 8/8
  5382 | D:6      | Noticed Prince Ribbit
  5396 | D:6      | Killed Prince Ribbit
  5564 | D:7      | Noticed Menkaure
  5633 | D:6      | Learned a level 5 spell: Blade Hands
  5688 | D:7      | Killed Menkaure
  5774 | D:7      | Found a staircase to the Ecumenical Temple.
  5797 | D:7      | Reached XP level 9. HP: 66/81 MP: 9/9
  5815 | Temple   | Entered the Ecumenical Temple
  6013 | Temple   | Became a worshipper of Ru the Awakened
  6139 | D:7      | Found Vim Zoig's Antique Armour Emporium.
  6147 | D:7      | Bought a runed cloak for 232 gold pieces
  6659 | D:7      | Found a runed translucent gate.
  6660 | D:7      | Found a runed translucent gate.
  6660 | D:7      | Found a runed translucent gate.
  6660 | D:7      | Noticed p0werm0de's ghost (novice GrFi)
  6660 | D:7      | Noticed bmj180's ghost (novice MiFi)
  6824 | D:8      | Found an iron altar of Okawaru.
  7136 | D:8      | Noticed Grum
  7145 | D:8      | Killed Grum
  7649 | D:9      | Noticed a boulder beetle
  7755 | D:9      | Killed a boulder beetle
  7755 | D:9      | Reached XP level 10. HP: 36/91 MP: 9/10
  7943 | D:9      | Noticed a two-headed ogre
  8082 | D:9      | Killed a two-headed ogre
  8124 | D:9      | Got a smoking robe
  8135 | D:9      | Identified the +1 robe "Hed Otec" {*Contam Dex+4 Slay+5}
                  | (You found it on level 9 of the Dungeon)
  8444 | D:10     | Entered Level 10 of the Dungeon
  8769 | D:10     | Found Moekeim's Distillery.
  8777 | D:10     | Bought a potion of invisibility for 80 gold pieces
  8779 | D:10     | Noticed a boulder beetle
  8792 | D:10     | Killed a boulder beetle
  9265 | D:10     | Noticed a two-headed ogre
  9272 | D:10     | Killed a two-headed ogre
  9359 | D:10     | Reached skill level 10 in Transmutations
  9537 | D:11     | Noticed a cyclops
  9546 | D:11     | Killed a cyclops
  9546 | D:11     | Reached XP level 11. HP: 85/100 MP: 11/11
  9648 | D:11     | Found a staircase to the Lair.
 10000 | D:11     | Found a staircase to the Orcish Mines.
 10098 | D:11     | Reached skill level 10 in Unarmed Combat
 10136 | D:11     | Noticed a two-headed ogre
 10142 | D:11     | Killed a two-headed ogre
 10438 | D:11     | Reached skill level 5 in Dodging
 10680 | Lair:1   | Entered Level 1 of the Lair of Beasts
 10981 | Lair:1   | Learned a level 4 spell: Ice Form
 11028 | Lair:1   | HP: 5/100 [wolf (4)]
 11555 | Lair:1   | Reached XP level 12. HP: 76/107 MP: 9/15
 11677 | Lair:2   | Gained mutation: You are hated by all. [Ru sacrifice]
 11677 | Lair:2   | Reached * piety under Ru
 11743 | Lair:2   | Found a staircase to the Swamp.
 11796 | Lair:2   | Noticed Nergalle
 11819 | Lair:1   | Reached skill level 1 in Ice Magic
 12131 | Lair:2   | Killed Nergalle
 12131 | Lair:2   | Reached skill level 5 in Fighting
 12258 | Lair:2   | Noticed Gastronok
 12491 | Lair:2   | Killed Gastronok
 12646 | Lair:2   | Noticed a five-headed hydra
 12866 | Lair:2   | Noticed an eight-headed hydra
 12877 | Lair:2   | Slain by an eight-headed hydra

Illustrated notes

Levels and vault maps discovered:
D:1:      minmay_arrival_up_and_down, layout_basic, nemelex_diamond_rough_becter
D:2:      layout_basic, grunt_ministairs_3, minmay_diced_spiral, uniq_robin
D:3:      layout_basic, uniq_sigmund
D:4:      layout_basic, uniq_crazy_yiuf_cottage
D:5:      layout_gridville, serial_bayou, serial_bayou_lagoon_a,
          serial_bayou_shore_b, serial_bayou_pond_a, serial_bayou_pond_d
D:6:      minmay_recursive_quarters, layout_basic, small_statue_alley_b,
          kennysheep_generic_room_15, uniq_prince_ribbit1
D:7:      layout_loops_ring, minmay_temple_entry_grid, serial_shops, shop,
          gammafunk_ghost_cemetery, uniq_menkaure
D:8:      layout_gridville, okawaru_humans, uniq_grum
D:9:      layout_cave_pools
D:10:     layout_basic, serial_shops, shop
D:11:     layout_loops_corners, due_lair_maze_entry_diamond, david_orc_2,
          serial_ice, serial_ice_f, serial_ice_g, serial_ice_l, serial_ice_e
D:12:     layout_grid_maze, basic_altar, hangedman_fish_farm
Temple:   kilobyte_greek_temple
Lair:1:   layout_cave_shapes
Lair:2:   layout_misc_corridors, minmay_swamp_entry_wisps,
          nicolae_quartered_pool_medium, minmay_lair_oklob_chamber,
          uniq_nergalle, uniq_gastronok

Skill      XL: |  1  2  3  4  5  6  7  8  9 10 11 12 |
---------------+-------------------------------------+-----
Transmutations | 2 3 4 5 6 8 10 11 | 11.0
Dodging        | 2 3 4 5 6 |  6.2
Fighting       | 1 2 3 4 6 |  6.5
Unarmed Combat | 4 5 6 8 9 11 | 11.1
Spellcasting   | 2 3 |  3.0
Ice Magic      | 2 |  2.0

Action                   |  1- 3 |  4- 6 |  7- 9 | 10-12 || total
-------------------------+-------+-------+-------+-------++-------
Melee: Unarmed           |    82 |   149 |   355 |   339 ||   925
       Kick              |    12 |    10 |    31 |    14 ||    67
       Headbutt          |     6 |     6 |    17 |    11 ||    40
       Punch             |     1 |     3 |     7 |    12 ||    23
 Cast: Beastly Appendage |    14 |    12 |    36 |    16 ||    78
       Spider Form       |       |       |    10 |       ||    10
       Blade Hands       |       |       |     3 |    33 ||    36
       Ice Form          |       |       |       |     1 ||     1
Invok: Reject Sacrifices |       |       |     1 |       ||     1
       Sacrifice Love    |       |       |       |     1 ||     1
  Use: Scroll            |       |       |    16 |    12 ||    28
 Stab: Distracted        |       |       |       |     1 ||     1
       Sleeping          |       |       |       |     1 ||     1
Armor: Robe              |    32 |    40 |    77 |   106 ||   255
       Skin              |       |       |     3 |     1 ||     4
Dodge: Dodged            |    54 |    76 |   223 |   278 ||   631

Table legend: (Time is in decaauts)
 A = Elapsed time spent in this place.
 B = Non-inter-level travel time spent in this place.
 C = Inter-level travel time spent in this place.
 D = Time resting spent in this place.
 E = Time spent auto-exploring this place.
 F = Levels seen in this place.
 G = Mean time per level.
                   A        B        C        D        E       F      G
               +--------+--------+--------+--------+--------+-----+--------+
         Total |  12778 |  12134 |    644 |   1181 |   8684 |  15 |  851.9 |
       Dungeon |  10569 |   9989 |    580 |    631 |   7594 |  12 |  880.8 |
        Temple |    232 |    197 |     35 |      0 |    152 |   1 |  232.0 |
          Lair |   1976 |   1947 |     29 |    550 |    938 |   2 |  988.0 |
               +--------+--------+--------+--------+--------+-----+--------+

Top non-repeatable levels by time:
    D:11: 1324 daAuts
  Lair:1: 1211 daAuts
     D:6: 1147 daAuts
    D:10: 1084 daAuts
     D:8: 1016 daAuts
     D:5: 927 daAuts
     D:1: 913 daAuts
     D:3: 900 daAuts
     D:2: 893 daAuts
     D:4: 838 daAuts
     D:7: 812 daAuts
  Lair:2: 765 daAuts
     D:9: 710 daAuts
  Temple: 232 daAuts
    D:12: 1 daAuts
